General information
- name: BNet
- type: Ladder team game (AT/RT)
- host: Battle.net
- saver: DarkLord
map: Deathknell
- players: 8
- length: 50:57
- speed: Fast
- version: 1.26 W3XP
- replay type: Public
» download(270 KB)
Players
team 1 (loser)

»
Itz_abneR (
red | 60 APM | 2025 actions | 33:30)
5 Death Knight
3 Death Coil
2 Unholy Aura
4 Lich
2 Frost Nova
2 Dark Ritual
» actions
| Assign group hotkey | 24 | |
| Build / train | 82 | |
| ESC pressed | 6 | |
| Enter build submenu | 42 | |
| Enter hero's abilities submenu | 9 | |
| Give item / drop item | 4 | |
| Right click | 849 | |
| Select / deselect | 386 | |
| Select group hotkey | 537 | |
| Use ability | 86 | |
2025 total
» units
| Acolyte | 20 | |
| Ghoul | 3 | |
| Crypt Fiend | 20 | |
| Frost Wyrm | 5 | |
48 total
» upgrades
| Creature Attack | 3 | |
| Creature Carapace | 3 | |
| Web | 1 | |
| Freezing Breath | 1 | |
| Burrow | 1 | |
9 total
» buildings
| Altar of Darkness | 1 | |
| Ziggurat | 16 | |
| Crypt | 1 | |
| Graveyard | 1 | |
| Tomb of Relics | 1 | |
| Halls of the Dead | 1 | |
| Black Citadel | 1 | |
| Sacrificial Pit | 1 | |
| Necropolis | 2 | |
| Boneyard | 3 | |
| Spirit Tower | 7 | |
| Altar of Elders | 1 | |
| Moon Well | 4 | |
40 total
» build order
00:36 Altar of Darkness
00:38 Ziggurat
00:40 Crypt
01:11 Graveyard
01:18 Ziggurat
01:31 Tomb of Relics
02:32 Ziggurat
04:12 Halls of the Dead
05:54 Ziggurat
05:57 Ziggurat
09:31 Black Citadel
10:21 Sacrificial Pit
11:24 Necropolis
12:09 Boneyard
12:11 Boneyard
12:19 Boneyard
16:59 Ziggurat
17:01 Ziggurat
17:02 Ziggurat
17:06 Ziggurat
18:23 Spirit Tower
18:36 Spirit Tower
19:09 Spirit Tower
22:26 Necropolis
22:31 Ziggurat
23:13 Ziggurat
23:15 Ziggurat
23:31 Ziggurat
24:06 Ziggurat
24:28 Spirit Tower
24:30 Ziggurat
24:33 Ziggurat
25:07 Spirit Tower
25:26 Spirit Tower
26:06 Spirit Tower
26:11 Altar of Elders
26:13 Moon Well
26:15 Moon Well
27:12 Moon Well
27:14 Moon Well
» items
| Rod of Necromancy | 1 | |
| Scroll of Town Portal | 3 | |
| Potion of Healing | 1 | |
5 total

»
kim.jong.il (
pink | 36 APM | 861 actions | 24:09)
5 Demon Hunter
2 Immolation
3 Evasion
4 Priestess of the Moon
2 Trueshot Aura
2 Searing Arrows
3 Dark Ranger
1 Black Arrow
2 Silence
» actions
| Build / train | 84 | |
| Enter build submenu | 23 | |
| Enter hero's abilities submenu | 12 | |
| Give item / drop item | 4 | |
| Remove unit from queue | 4 | |
| Right click | 381 | |
| Select / deselect | 301 | |
| Use ability | 52 | |
861 total
» units
| Wisp | 28 | |
| Archer | 5 | |
| Gnoll Overseer | 1 | |
| Chimaera | 11 | |
| Goblin Sapper | 2 | |
| Hippogryph | 2 | |
49 total
» upgrades
| Strength of the Wild | 2 | |
| Reinforced Hides | 2 | |
| Ultravision | 1 | |
| Corrosive Breath | 1 | |
6 total
» buildings
| Moon Well | 8 | |
| Altar of Elders | 2 | |
| Ancient of War | 2 | |
| Tree of Ages | 2 | |
| Hunter's Hall | 1 | |
| Ancient of Wonders | 3 | |
| Tree of Eternity | 1 | |
| Tree of Life | 3 | |
| Ancient of Wind | 1 | |
| Chimaera Roost | 3 | |
26 total
» build order
00:25 Moon Well
00:33 Altar of Elders
00:37 Ancient of War
00:41 Ancient of War
01:44 Moon Well
02:43 Tree of Ages
03:32 Moon Well
03:33 Moon Well
03:42 Hunter's Hall
03:46 Ancient of Wonders
05:16 Tree of Eternity
05:46 Tree of Life
05:52 Tree of Life
06:04 Ancient of Wind
06:59 Moon Well
07:00 Moon Well
07:00 Moon Well
09:00 Chimaera Roost
09:10 Chimaera Roost
09:32 Chimaera Roost
13:17 Ancient of Wonders
21:06 Moon Well
21:37 Altar of Elders
21:41 Ancient of Wonders
21:46 Tree of Ages
23:28 Tree of Life
» items
| Orb of Venom | 1 | |
| Scroll of Town Portal | 2 | |
| Potion of Healing | 1 | |
| Healing Salve | 1 | |
| Lesser Clarity Potion | 1 | |
| Scroll of Speed | 1 | |
7 total
DarkLord (
purple | 56 APM | 2833 actions | 50:57)
6 Archmage
3 Summon Water Elemental
2 Brilliance Aura
1 Mass Teleport
5 Mountain King
3 Storm Bolt
2 Bash
» actions
| Assign group hotkey | 47 | |
| Basic commands | 143 | |
| Build / train | 108 | |
| Enter build submenu | 64 | |
| Enter hero's abilities submenu | 12 | |
| Give item / drop item | 16 | |
| Right click | 1140 | |
| Select / deselect | 598 | |
| Select group hotkey | 512 | |
| Use ability | 193 | |
2833 total
» units
| Peasant | 12 | |
| Footman | 5 | |
| Goblin Shredder | 1 | |
| Gryphon Rider | 11 | |
| Goblin Sapper | 2 | |
| Dragonhawk Rider | 4 | |
35 total
» upgrades
| Masonry | 3 | |
| Storm Hammers | 1 | |
| Animal War Training | 1 | |
| Swords | 3 | |
| Armor | 3 | |
| Cloud | 1 | |
12 total
» buildings
| Altar of Kings | 1 | |
| Barracks | 1 | |
| Farm | 14 | |
| Keep | 1 | |
| Town Hall | 4 | |
| Arcane Vault | 2 | |
| Lumber Mill | 1 | |
| Scout Tower | 51 | |
| Castle | 1 | |
| Guard Tower | 19 | |
| Gryphon Aviary | 5 | |
| Blacksmith | 2 | |
102 total
» build order
00:37 Altar of Kings
00:39 Barracks
00:52 Farm
00:53 Farm
01:06 Farm
01:44 Farm
03:23 Keep
03:58 Town Hall
04:07 Arcane Vault
04:32 Lumber Mill
05:18 Scout Tower
05:20 Scout Tower
05:23 Scout Tower
05:26 Scout Tower
05:27 Scout Tower
05:55 Farm
06:54 Castle
06:59 Guard Tower
07:00 Guard Tower
07:36 Gryphon Aviary
07:40 Gryphon Aviary
09:03 Gryphon Aviary
09:05 Gryphon Aviary
09:05 Gryphon Aviary
10:13 Guard Tower
10:25 Blacksmith
10:27 Blacksmith
11:06 Scout Tower
11:07 Scout Tower
11:08 Scout Tower
11:08 Scout Tower
11:11 Scout Tower
13:07 Guard Tower
14:12 Guard Tower
15:53 Town Hall
15:56 Scout Tower
15:57 Scout Tower
15:57 Scout Tower
15:58 Scout Tower
16:04 Scout Tower
16:10 Scout Tower
16:10 Scout Tower
16:11 Scout Tower
16:14 Scout Tower
16:15 Scout Tower
16:46 Guard Tower
17:35 Guard Tower
18:59 Guard Tower
19:10 Scout Tower
19:44 Guard Tower
19:46 Scout Tower
19:47 Scout Tower
19:50 Scout Tower
19:50 Scout Tower
21:49 Guard Tower
24:43 Farm
24:43 Farm
24:44 Farm
24:46 Farm
24:48 Farm
25:26 Scout Tower
25:27 Scout Tower
25:27 Scout Tower
25:30 Scout Tower
25:31 Scout Tower
25:32 Scout Tower
25:33 Scout Tower
25:34 Scout Tower
25:34 Scout Tower
26:00 Guard Tower
26:02 Guard Tower
26:16 Farm
26:41 Farm
26:43 Guard Tower
26:49 Arcane Vault
26:50 Farm
26:53 Farm
27:51 Guard Tower
28:26 Town Hall
28:30 Scout Tower
28:30 Scout Tower
28:31 Scout Tower
28:31 Scout Tower
28:32 Scout Tower
28:32 Scout Tower
28:32 Scout Tower
28:33 Scout Tower
29:24 Guard Tower
29:43 Guard Tower
31:33 Town Hall
31:37 Scout Tower
31:37 Scout Tower
31:38 Scout Tower
31:40 Scout Tower
31:40 Scout Tower
31:41 Scout Tower
33:00 Guard Tower
33:02 Guard Tower
33:48 Guard Tower
» items
| Scroll of Regeneration | 6 | |
| Scroll of Town Portal | 4 | |
| Potion of Healing | 7 | |
| Lesser Clarity Potion | 5 | |
| Mechanical Critter | 1 | |
| Potion of Mana | 3 | |
| Staff of Sanctuary | 1 | |
27 total

»
wanfi17 (
blue | 23 APM | 1175 actions | 50:57)
5 Shadow Hunter
3 Healing Wave
2 Hex
1 Lich
1 Dark Ritual
» actions
| Assign group hotkey | 33 | |
| Build / train | 63 | |
| Enter build submenu | 13 | |
| Enter hero's abilities submenu | 6 | |
| Remove unit from queue | 1 | |
| Right click | 512 | |
| Select / deselect | 303 | |
| Select group hotkey | 179 | |
| Use ability | 65 | |
1175 total
» units
| Peon | 10 | |
| Grunt | 8 | |
| Shaman | 6 | |
| Troll Witch Doctor | 7 | |
| Acolyte | 4 | |
| Frost Wyrm | 3 | |
38 total
» upgrades
| Melee Weapons | 2 | |
| Armor | 2 | |
| Berserker Strength | 1 | |
| Shaman Training | 2 | |
| Witch Doctor Training | 2 | |
9 total
» buildings
| Orc Burrow | 6 | |
| Altar of Storms | 1 | |
| War Mill | 1 | |
| Barracks | 1 | |
| Voodoo Lounge | 1 | |
| Stronghold | 1 | |
| Fortress | 1 | |
| Spirit Lodge | 2 | |
| Great Hall | 1 | |
15 total
» build order
00:27 Orc Burrow
00:41 Altar of Storms
01:01 War Mill
01:27 Orc Burrow
01:51 Barracks
02:35 Orc Burrow
03:04 Voodoo Lounge
04:34 Stronghold
06:34 Orc Burrow
07:00 Fortress
07:08 Spirit Lodge
07:14 Spirit Lodge
08:18 Orc Burrow
09:35 Orc Burrow
16:38 Great Hall
» items
| Scroll of Speed | 1 | |
| Scroll of Town Portal | 2 | |
| Rod of Necromancy | 1 | |
| Scroll of Healing | 1 | |
| Potion of Healing | 1 | |
6 total
team 2 (winner)
Max (
green | 59 APM | 2591 actions | 43:36)
9 Pandaren Brewmaster
3 Breath of Fire
3 Drunken Brawler
1 Storm Earth and Fire
2 Drunken Haze
» actions
| Assign group hotkey | 3 | |
| Basic commands | 475 | |
| Build / train | 111 | |
| ESC pressed | 4 | |
| Enter build submenu | 16 | |
| Enter hero's abilities submenu | 9 | |
| Give item / drop item | 2 | |
| Right click | 672 | |
| Select / deselect | 574 | |
| Select group hotkey | 543 | |
| Use ability | 181 | |
2591 total
» units
| Wisp | 23 | |
| Druid of the Claw | 20 | |
| Dryad | 12 | |
55 total
» upgrades
| Ultravision | 1 | |
| Reinforced Hides | 3 | |
| Druid of the Claw Training | 2 | |
| Strength of the Wild | 3 | |
| Abolish Magic | 1 | |
| Mark of the Claw | 1 | |
| Nature's Blessing | 1 | |
12 total
» buildings
| Tree of Life | 3 | |
| Moon Well | 7 | |
| Ancient of Wonders | 1 | |
| Altar of Elders | 1 | |
| Hunter's Hall | 1 | |
| Tree of Ages | 3 | |
| Ancient of Lore | 2 | |
| Tree of Eternity | 2 | |
20 total
» build order
00:40 Tree of Life
01:04 Moon Well
01:24 Ancient of Wonders
01:57 Altar of Elders
03:41 Hunter's Hall
03:44 Tree of Ages
05:16 Moon Well
06:13 Ancient of Lore
06:14 Ancient of Lore
06:26 Moon Well
06:38 Tree of Eternity
07:52 Moon Well
08:50 Moon Well
11:08 Moon Well
11:44 Moon Well
13:05 Tree of Life
21:29 Tree of Life
» items
| Lesser Clarity Potion | 2 | |
| Potion of Healing | 3 | |
| Scroll of Town Portal | 4 | |
| Rod of Necromancy | 1 | |
| Healing Salve | 2 | |
| Orb of Venom | 1 | |
| Potion of Mana | 1 | |
| Anti-magic Potion | 1 | |
15 total

»
bfd (
yellow | 62 APM | 2085 actions | 33:34)
6 Keeper of the Grove
2 Entangling Roots
3 Thorns Aura
1 Tranquility
3 Priestess of the Moon
1 Scout
2 Trueshot Aura
» actions
| Assign group hotkey | 56 | |
| Basic commands | 46 | |
| Build / train | 90 | |
| ESC pressed | 1 | |
| Enter build submenu | 22 | |
| Enter hero's abilities submenu | 9 | |
| Remove unit from queue | 4 | |
| Right click | 739 | |
| Select / deselect | 601 | |
| Select group hotkey | 457 | |
| Use ability | 60 | |
2085 total
» units
| Wisp | 27 | |
| Huntress | 6 | |
| Hippogryph | 17 | |
| Chimaera | 4 | |
54 total
» upgrades
| Strength of the Wild | 3 | |
| Sentinel | 1 | |
| Well Spring | 1 | |
| Reinforced Hides | 3 | |
| Corrosive Breath | 1 | |
| Ultravision | 1 | |
| Moon Armor | 1 | |
| Nature's Blessing | 1 | |
12 total
» buildings
| Altar of Elders | 1 | |
| Moon Well | 7 | |
| Hunter's Hall | 1 | |
| Ancient of War | 2 | |
| Tree of Life | 2 | |
| Ancient Protector | 5 | |
| Tree of Ages | 1 | |
| Tree of Eternity | 1 | |
| Ancient of Wind | 3 | |
| Ancient of Wonders | 1 | |
| Chimaera Roost | 2 | |
26 total
» build order
00:12 Altar of Elders
00:22 Moon Well
01:41 Hunter's Hall
01:47 Moon Well
02:18 Ancient of War
02:19 Ancient of War
02:50 Moon Well
05:16 Tree of Life
05:40 Ancient Protector
05:42 Ancient Protector
05:49 Ancient Protector
06:04 Ancient Protector
06:37 Tree of Ages
08:49 Ancient Protector
09:42 Tree of Eternity
09:47 Ancient of Wind
09:50 Ancient of Wind
09:53 Ancient of Wind
10:05 Moon Well
10:06 Moon Well
10:06 Moon Well
10:07 Moon Well
14:33 Ancient of Wonders
16:58 Chimaera Roost
16:59 Chimaera Roost
25:18 Tree of Life
» items
| Healing Salve | 2 | |
| Scroll of Town Portal | 1 | |
| Orb of Venom | 1 | |
| Anti-magic Potion | 3 | |
7 total

»
Laser-Lightning (
teal | 18 APM | 934 actions | 50:57)
3 Crypt Lord
2 Carrion Beetles
1 Spiked Carapace
» actions
| Assign group hotkey | 32 | |
| Basic commands | 41 | |
| Build / train | 68 | |
| ESC pressed | 2 | |
| Enter build submenu | 19 | |
| Enter hero's abilities submenu | 3 | |
| Right click | 202 | |
| Select / deselect | 288 | |
| Select group hotkey | 202 | |
| Use ability | 77 | |
934 total
» units
| Acolyte | 8 | |
| Ghoul | 26 | |
| Obsidian Statue | 6 | |
| Abomination | 1 | |
41 total
» upgrades
| Cannibalize | 1 | |
| Creature Attack | 1 | |
| Unholy Armor | 1 | |
| Ghoul Frenzy | 1 | |
| Destroyer Form | 1 | |
| Unholy Strength | 1 | |
| Creature Carapace | 1 | |
7 total
» buildings
| Ziggurat | 11 | |
| Crypt | 1 | |
| Altar of Darkness | 1 | |
| Nerubian Tower | 3 | |
| Tomb of Relics | 1 | |
| Graveyard | 1 | |
| Halls of the Dead | 1 | |
| Spirit Tower | 7 | |
| Black Citadel | 1 | |
| Slaughterhouse | 3 | |
30 total
» build order
00:07 Ziggurat
00:10 Crypt
00:53 Altar of Darkness
01:01 Nerubian Tower
01:12 Ziggurat
01:45 Tomb of Relics
02:30 Graveyard
04:12 Ziggurat
05:38 Halls of the Dead
05:39 Spirit Tower
05:42 Ziggurat
06:10 Ziggurat
06:12 Ziggurat
06:25 Ziggurat
07:03 Ziggurat
07:04 Spirit Tower
07:15 Ziggurat
07:28 Nerubian Tower
07:57 Spirit Tower
08:06 Nerubian Tower
08:35 Spirit Tower
09:48 Black Citadel
10:07 Slaughterhouse
10:16 Slaughterhouse
10:19 Slaughterhouse
10:24 Spirit Tower
10:29 Spirit Tower
14:22 Ziggurat
15:54 Spirit Tower
16:58 Ziggurat
» items
| Rod of Necromancy | 1 | |
| Sacrificial Skull | 2 | |
3 total
gadgetdog. (
orange | 48 APM | 2451 actions | 50:57)
7 Blademaster
3 Wind Walk
3 Critical Strike
1 Bladestorm
1 Shadow Hunter
1 Hex
3 Tauren Chieftain
2 Endurance Aura
1 War Stomp
» actions
| Assign group hotkey | 60 | |
| Basic commands | 113 | |
| Build / train | 66 | |
| Enter build submenu | 32 | |
| Enter hero's abilities submenu | 11 | |
| Give item / drop item | 4 | |
| Remove unit from queue | 3 | |
| Right click | 933 | |
| Select / deselect | 320 | |
| Select group hotkey | 758 | |
| Use ability | 151 | |
2451 total
» units
| Peon | 12 | |
| Goblin Shredder | 1 | |
| Wind Rider | 8 | |
21 total
» upgrades
| Reinforced Defenses | 1 | |
| Ranged Weapons | 2 | |
| Envenomed Spears | 1 | |
| Armor | 2 | |
| Liquid Fire | 1 | |
| Ensnare | 1 | |
8 total
» buildings
| Altar of Storms | 1 | |
| Orc Burrow | 8 | |
| War Mill | 1 | |
| Voodoo Lounge | 1 | |
| Watch Tower | 43 | |
| Stronghold | 1 | |
| Great Hall | 2 | |
| Fortress | 1 | |
| Beastiary | 4 | |
62 total
» build order
00:08 Altar of Storms
00:18 Orc Burrow
00:38 War Mill
00:55 Voodoo Lounge
01:56 Watch Tower
02:43 Watch Tower
02:58 Orc Burrow
03:28 Stronghold
04:06 Great Hall
04:17 Watch Tower
04:18 Watch Tower
05:30 Watch Tower
05:30 Watch Tower
05:32 Watch Tower
05:33 Watch Tower
05:58 Fortress
06:04 Beastiary
06:36 Watch Tower
06:56 Watch Tower
06:56 Watch Tower
06:57 Watch Tower
07:30 Beastiary
07:47 Watch Tower
08:23 Orc Burrow
08:32 Beastiary
08:53 Watch Tower
08:53 Watch Tower
10:24 Orc Burrow
10:31 Watch Tower
10:31 Watch Tower
10:33 Watch Tower
10:34 Watch Tower
11:17 Orc Burrow
13:01 Watch Tower
13:01 Watch Tower
13:01 Watch Tower
13:03 Watch Tower
13:04 Watch Tower
16:03 Watch Tower
16:04 Watch Tower
16:59 Orc Burrow
17:00 Orc Burrow
20:39 Watch Tower
20:40 Watch Tower
20:41 Watch Tower
22:20 Great Hall
22:24 Watch Tower
22:25 Watch Tower
22:25 Watch Tower
22:27 Watch Tower
22:27 Watch Tower
22:27 Watch Tower
22:28 Watch Tower
22:29 Watch Tower
22:30 Watch Tower
22:35 Watch Tower
22:36 Watch Tower
22:39 Watch Tower
22:40 Watch Tower
23:54 Beastiary
24:27 Orc Burrow
» items
| Healing Salve | 7 | |
| Scroll of Town Portal | 5 | |
| Orb of Lightning | 1 | |
| Lesser Clarity Potion | 1 | |
| Potion of Healing | 3 | |
17 total
Chat log
(00:09 / Allies) Itz_abneR: 100g please
(00:22 / Allies) Itz_abneR: 100g please
(00:27 / All) DarkLord: UD always beg for gold
(00:45 / Allies) Itz_abneR: rush?
(00:45 / All) DarkLord: I'm not running a charity here
(00:51 / Allies) wanfi17: k
(00:51 / Allies) Itz_abneR: k no problem
(00:57 / Allies) Itz_abneR: anyway rush all?
(02:08 / Allies) wanfi17: rush or cc
(02:14 / Allies) Itz_abneR: im down for either
(02:14 / Allies) kim.jong.il: ya
(02:23 / Allies) DarkLord: *lobbies a vote for city building*
(02:50 / Allies) Itz_abneR: well im going expo
(02:57 / Allies) DarkLord: you little bithc
(03:01 / Allies) Itz_abneR: lol
(03:03 / Allies) DarkLord: I'm expoing that
(03:07 / Allies) Itz_abneR: i called it
(03:08 / Allies) Itz_abneR: sry bro
(03:12 / Allies) DarkLord: you can't just "call it"
(03:15 / Allies) DarkLord: and put a hero there
(03:18 / Allies) DarkLord: I'm ready to expo it
(04:08 / Allies) Itz_abneR: just dont suck
(04:25 / Allies) DarkLord: There's never been a better player than me in BNET history
(04:27 / Allies) kim.jong.il: im shit
(04:32 / Allies) Itz_abneR: HA
(05:31 / Allies) Itz_abneR: purp letsmhit?
(05:38 / Allies) Itz_abneR: lets hit?
(05:47 / Allies) DarkLord: I need a sheddar
(06:11 / Allies) Itz_abneR: towering
(06:34 / Allies) kim.jong.il: i hate excessive pinging
(07:40 / Allies) Itz_abneR: come
(07:44 / Allies) DarkLord: ooooo
(07:47 / Allies) kim.jong.il: gotta hlep blue
(09:15 / Allies) kim.jong.il: wood pls
(10:26 / Allies) Itz_abneR: pass gold purp?
(10:38 / Allies) DarkLord: not much to spare
(11:39 / Allies) kim.jong.il: sapper time
(12:16 / Allies) DarkLord: aw fuck
(12:23 / Allies) DarkLord: my mk all the way back there
(12:35 / Allies) kim.jong.il: repair
(12:36 / Allies) kim.jong.il: repair
(12:56 / Allies) Itz_abneR: come
(14:01 / Allies) wanfi17: golds plz
(14:22 / Allies) Itz_abneR: lets meet and hit
(14:23 / Allies) wanfi17: let's hit
(14:26 / Allies) Itz_abneR: ^
(14:28 / Allies) DarkLord: hit bottom
(14:33 / Allies) DarkLord: hit teal
(14:44 / Allies) Itz_abneR: meet
(14:51 / Allies) wanfi17: golds plz
(14:57 / Allies) kim.jong.il: k
(15:48 / Allies) Itz_abneR: lets hit now
(15:49 / Allies) Itz_abneR: easy win
(15:54 / Allies) wanfi17: golds plz
(16:10 / Allies) kim.jong.il: dont hit a ud
(16:27 / Allies) wanfi17: ty
(16:30 / Allies) DarkLord: I'm hitting teal
(16:43 / Allies) Itz_abneR: back pink
(16:51 / Allies) Itz_abneR: stick 2gether
(16:53 / Allies) kim.jong.il: go i gues
(17:04 / Allies) kim.jong.il: hit
(17:29 / Allies) Itz_abneR: YELLOW
(17:43 / Allies) kim.jong.il: web that wtf
(18:24 / All) kim.jong.il: nj green
(18:44 / All) DarkLord: hey you dick
(18:54 / Allies) Itz_abneR: purple
(18:57 / Allies) Itz_abneR: u have 6.5k gold..
(19:23 / Allies) Itz_abneR: purple
(19:25 / Allies) Itz_abneR: please
(19:26 / Allies) Itz_abneR: pass some gold
(19:30 / Allies) DarkLord: I'll pump griffs
(19:31 / Allies) DarkLord: when yellow dies
(19:36 / Allies) Itz_abneR: can u pass some gold..
(19:41 / Allies) Itz_abneR: u have 88k
(19:43 / Allies) Itz_abneR: 8k
(19:49 / Allies) Itz_abneR: i have no workers pass please
(20:06 / Allies) Itz_abneR: PURPLE
(20:10 / Allies) Itz_abneR: CAN U PASS A LIL GOLD?
(20:11 / Allies) Itz_abneR: jesus
(20:27 / Allies) Itz_abneR: lol we might lose becaus eof purple
(20:44 / Allies) kim.jong.il: ur the one that tped
(20:46 / Allies) DarkLord: Oh yeah here comes the blame game
(20:54 / Allies) Itz_abneR: lol dude yo have 10k gold
(20:57 / Allies) Itz_abneR: and you have 30 food
(21:00 / Allies) Itz_abneR: and arent passing any
(21:02 / Allies) Itz_abneR: and we might lose
(21:06 / Allies) Itz_abneR: just pass lil gold to your team..
(21:08 / Allies) Itz_abneR: so we can Win
(21:58 / Allies) DarkLord: tp
(22:09 / Allies) Itz_abneR: purple u have no fucking units
(22:10 / Allies) Itz_abneR: and 10k gold
(22:59 / Allies) Itz_abneR: i cant believe u have 10k gold and still no units
(23:13 / Allies) DarkLord: why didn't you tp
(23:17 / Allies) Itz_abneR: because
(23:21 / Allies) Itz_abneR: your being an asshole
(23:23 / Allies) Itz_abneR: thats fucking why
(23:29 / Allies) DarkLord: so that gives you the right tp doom blue?
(23:38 / All) DarkLord: got me while typing
(23:40 / Allies) kim.jong.il: red
(23:44 / Allies) kim.jong.il: wtf
(23:47 / Allies) Itz_abneR: fuck you guys
(23:47 / Allies) kim.jong.il: wtf man
(23:51 / Allies) Itz_abneR: purple is sitting here with 10k gold
(23:54 / Allies) Itz_abneR: like a fucking noob
(23:56 / Allies) Itz_abneR: idc if we lose
(23:59 / Allies) kim.jong.il: and your just sitting there
(24:06 / Allies) kim.jong.il: if u tped we win
(26:02 / Allies) Itz_abneR: purp if u just mass gyros we win
(26:27 / All) bfd: wtf?
(27:46 / Allies) Itz_abneR: jesus
(28:04 / Allies) Itz_abneR: get these or we lose
(28:25 / Allies) Itz_abneR: purp can you please pass some gold..
(29:58 / Allies) Itz_abneR: blue can u handle pink heros?
(30:15 / Allies) Itz_abneR: purp wait
(30:18 / Allies) Itz_abneR: we have 2 fight 2gether
(31:14 / All) gadgetdog.: was it pinks sappers that got greens expo or urs
(31:33 / All) bfd: u guys win , we got a retard
(31:50 / All) DarkLord: sorry to hear about your sister
(31:54 / All) Laser-Lightning: orange has 9000 gold.....
(31:57 / All) gadgetdog.: lol
(32:02 / All) gadgetdog.: these alies are such faggots
(32:05 / All) gadgetdog.: they dont talk all game
(32:12 / All) gadgetdog.: then when it gets heated, they yel at me
(32:20 / All) gadgetdog.: nigger green should have gave me the boots of agility
(33:14 / Allies) Itz_abneR: oj might go mass bats
(33:32 / All) bfd: gg we got too many smart people in the states , but also got a lot of retards
(33:39 / All) gadgetdog.: lol
(35:50 / All) DarkLord: 585 mana on my mk
(35:59 / All) DarkLord: at leve 4
(36:07 / All) Laser-Lightning: we so had this...
(36:18 / All) Laser-Lightning: orange starts killing all our stuff...
(36:24 / All) DarkLord: You probably gave him lip
(36:29 / All) DarkLord: You deserved it
(36:52 / All) Laser-Lightning: now hes killing himself....
(43:07 / All) DarkLord: So much death
(43:24 / All) gadgetdog.: WHAT can men do against such reckless hate
(43:47 / All) gadgetdog.: green was such a nigger
(44:00 / All) DarkLord: I'm mining that gold yo
(44:08 / Allies) DarkLord: gnoll
(44:41 / All) gadgetdog.: seriously
(44:55 / All) gadgetdog.: i already got boots of agility 6 and they drop for green and he doesn't give it to me
(45:01 / All) gadgetdog.: god damn greedy nigger
(45:10 / All) DarkLord: what's he need them on a panda
(45:20 / All) gadgetdog.: seriously
(45:28 / All) Laser-Lightning: orange is such a fag
(45:34 / All) gadgetdog.: and then when the game gets contested he finally says "wtf oj has 3k gold"
(45:40 / All) Laser-Lightning: he blows his dad every night
(45:52 / All) gadgetdog.: teal are u mad that i still have an army
(45:52 / All) DarkLord: Only for the holidays
(46:04 / All) Laser-Lightning: we would have won long ago
(46:10 / All) DarkLord: That's what you think
(46:12 / All) Laser-Lightning: but you had to blow some cock
(46:24 / All) gadgetdog.: aint nothing wrong with a little penis
(46:32 / All) Laser-Lightning: dude their hippos and wyverns all killed each other
(46:42 / All) Laser-Lightning: 90+ vs 90+
(46:47 / All) Laser-Lightning: it was dumb
(47:06 / All) gadgetdog.: maybe teal, u should have displayed more skill
(47:20 / All) Laser-Lightning: maybe you should blow less dad cock
(47:28 / All) Laser-Lightning: hes calling you
(47:31 / All) Laser-Lightning: hop to it
(47:45 / All) gadgetdog.: at least i have a dad ur a nigger no niggers have their dad
(47:57 / All) gadgetdog.: daddys in prison for u
(48:06 / All) Laser-Lightning: you wanna blow a nigger cock too?
(48:15 / All) Laser-Lightning: i bet you do every night
(48:25 / All) Laser-Lightning: you just lap it up
(48:34 / All) gadgetdog.: do i now
(49:08 / All) DarkLord: 615 mana
(49:13 / All) Laser-Lightning: there you go blowing more cock
(49:17 / All) gadgetdog.: lol
(49:22 / All) gadgetdog.: teal still hasn't realize
(49:26 / All) DarkLord: 2 pendants of mana
(49:27 / All) gadgetdog.: we rigged this particular game
(49:33 / All) Laser-Lightning: and with such awful grammer
(49:38 / All) Laser-Lightning: back to school for you
(49:45 / All) Laser-Lightning: with some cock thrown in
(49:50 / All) gadgetdog.: i will take note of "laser lightning"
(49:58 / All) DarkLord: grammar*
(50:06 / All) gadgetdog.: isn't he the nigger who NE towered last game
(50:08 / All) Laser-Lightning: you will take some notes and some cock
(50:42 / All) DarkLord: HAVE AT THEE
(50:46 / All) gadgetdog.: good luck blue and teal
(50:53 / All) gadgetdog.: may the best internet connection win
(50:54 / All) DarkLord: merry christmas